 Dungeon Crawl Stone Soup version 0.21.1-1-g345015f (webtiles) character file.

93 tidbits the Charmwright (level 4, 17/38 HPs)
             Began as a Gnoll Skald on June 20, 2018.
             Quit the game on level 4 of the Dungeon.
             The game lasted 00:04:51 (504 turns).

tidbits the Charmwright (Gnoll Skald)                Turns: 504, Time: 00:04:52

Health: 17/38      AC:  3    Str: 13    XL:     4   Next: 61%
Magic:  2/11       EV:  7    Int: 16    God:
Gold:   37         SH:  0    Dex: 15    Spells: 2/13 levels left

rFire    . . .     SeeInvis .   a - +0 hand axe
rCold    . . .     Gourm    .   (no shield)
rNeg     . . .     Faith    .   b - +0 leather armour
rPois    .         Spirit   .   (no helmet)
rElec    .         Reflect  .   (no cloak)
rCorr    .         Harm     .   (no gloves)
MR       .....                  (no boots)
Stlth    ++........             (no amulet)
HPRegen  0.12/turn              (no ring)
MPRegen  0.12/turn              (no ring)

@: singing, held
A: distributed training, fangs 1, strong nose
a: no special abilities


You were on level 4 of the Dungeon.
You were not hungry.

You visited 1 branch of the dungeon, and saw 4 of its levels.

You collected 37 gold pieces.

Inventory:

Hand Weapons
 a - a +0 hand axe (weapon)
 k - a +0 club
 l - a +3 dagger of protection
   (You took it off an orc wizard on level 3 of the Dungeon)
 p - a +0 flail of protection
   (You took it off an orc on level 3 of the Dungeon)
Missiles
 g - 21 arrows
 o - 16 sling bullets
Armour
 b - a +0 leather armour (worn)
Scrolls
 e - 2 scrolls of blinking {unknown}
 f - a scroll of enchant weapon {unknown}
 h - a scroll of fog {unknown}
 i - 2 scrolls of teleportation {unknown}
 j - a scroll of amnesia {unknown}
 m - a scroll of immolation {unknown}
 n - 3 scrolls of identify {unknown}
Potions
 q - a potion of lignification {unknown}
Books
 c - a book of Battle

   Spells                             Type                      Level
   a - Infusion                       Charms                       1
   b - Shroud of Golubria             Charms/Translocation         2
   c - Song of Slaying                Charms                       2
   d - Spectral Weapon                Hexes/Charms                 3
   e - Regeneration                   Charms/Necromancy            3
Comestibles
 d - 3 rations


   Skills:
 + Level 4.6 Fighting
 + Level 1.2 Short Blades
 + Level 1.2 Long Blades
 + Level 4.6 Axes
 + Level 1.2 Maces & Flails
 + Level 1.2 Polearms
 + Level 1.2 Staves
 + Level 1.2 Slings
 + Level 1.2 Bows
 + Level 1.2 Crossbows
 + Level 1.2 Throwing
 + Level 2.8 Armour
 + Level 4.6 Dodging
 + Level 1.2 Stealth
 + Level 1.2 Shields
 + Level 1.2 Unarmed Combat
 + Level 5.1 Spellcasting
 + Level 1.0 Conjurations
 + Level 1.0 Hexes
 + Level 5.5 Charms
 + Level 1.0 Summonings
 + Level 1.0 Necromancy
 + Level 1.0 Translocations
 + Level 1.0 Transmutations
 + Level 1.0 Fire Magic
 + Level 1.0 Ice Magic
 + Level 1.0 Air Magic
 + Level 1.0 Earth Magic
 + Level 1.0 Poison Magic
 + Level 1.3 Invocations
 + Level 1.2 Evocations


You had 2 spell levels left.
You knew the following spells:

 Your Spells              Type           Power        Failure   Level  Hunger
g - Shroud of Golubria    Chrm/Tloc      ##........   8%          2    #......
i - Infusion              Chrm           ###.         1%          1    None
r - Regeneration          Chrm/Necr      ##........   16%         3    ###....
w - Spectral Weapon       Hex/Chrm       ##......     16%         3    ###....
y - Song of Slaying       Chrm           ###.....     3%          2    #......


Dungeon Overview and Level Annotations

Branches:
Dungeon (4/15)
 Temple: D:4-7

Altars:
Hepliaklqana

Annotations:
D:4 Grinder


Innate Abilities, Weirdness & Mutations

Your experience applies equally to all skills.
You have very sharp teeth.
Your uncanny sense of smell can sniff out nearby items.


Message History

You have reached level 4!
You feel agile. The orc wizard barely misses you. The bat closely misses you.
Unknown command.
You hit the bat.
You kill the bat!
You hit the orc wizard but do no damage.
The orc wizard misses you.
The orc wizard hits you with a dagger of protection.
* * * LOW HITPOINT WARNING * * *
You hit the orc wizard.
You kill the orc wizard!
You closely miss the hobgoblin.
Your song is almost over.
The hobgoblin hits you.
* * * LOW HITPOINT WARNING * * *
You hit the hobgoblin. You bite the hobgoblin.
The hobgoblin is severely wounded.
Your spectral weapon hits the hobgoblin.
You kill the hobgoblin!
You hit the orc.
The orc is almost dead.
Your spectral weapon hits the orc.
You kill the orc!
You hit the orc.
The orc is heavily wounded.
Your spectral weapon hits the orc but does no damage.
The orc closely misses you.
You hit the orc.
The orc is heavily wounded.
Your spectral weapon barely misses the orc.
The orc closely misses you.
You slash the orc!
You kill the orc!
Your Conjurations skill increases to level 1!
Your Hexes skill increases to level 1!
Your Summonings skill increases to level 1!
Your Necromancy skill increases to level 1!
Your Translocations skill increases to level 1!
Your Transmutations skill increases to level 1!
Your Fire Magic skill increases to level 1!
Your Ice Magic skill increases to level 1!
Your Air Magic skill increases to level 1!
Your Earth Magic skill increases to level 1!
Your Poison Magic skill increases to level 1!
Your spectral weapon fades away.
Casting: Spectral Weapon
Confirm with . or Enter, or press ? or * to list all spells.
Your skin crawls.
Your song has ended.
Things that are here:
a dagger of protection; a robe
l - a dagger of protection
Found a dagger.
Items here: ! )))) [[[ ††††
p - a flail of protection;
q - a fizzy golden potion Your skin is crawling a little less now.
Your skin stops crawling.
You see here 15 gold pieces.
You now have 37 gold pieces (gained 15).
Found 6 gold pieces.
Found a stone staircase leading down.
Found 7 poisoned needles.
There is a stone staircase leading down here.
You climb downwards.
Level annotation: Grinder 3 gnolls come into view.
Found a stone staircase leading down.
There is a stone staircase leading up here.
Wield which item (- for none, * to show all)? (? for menu, Esc to quit)
Okay, then.
Casting: Regeneration
Confirm with . or Enter, or press ? or * to list all spells.
You draw out your weapon's spirit!
The gnoll shouts! x2
The gnoll hits your spectral weapon!
Your spectral weapon shares its damage with you!
The gnoll hits your spectral weapon with a spear.
Your spectral weapon shares its damage with you!
Casting: Spectral Weapon
Confirm with . or Enter, or press ? or * to list all spells.
You start singing a song of slaying.
You hear a shout!
The gnoll throws a throwing net.
The throwing net hits you.
You become entangled in the net!
A leopard gecko and an ogre come into view.
You struggle against the net.
The gnoll closely misses your spectral weapon.
The gnoll hits you but does no damage.
You tear a large gash into the net.
The leopard gecko hisses menacingly.
The gnoll hits your spectral weapon. The gnoll hits you but does no damage.
You shred the net and break free!
The gnoll closely misses your spectral weapon.
The gnoll throws a throwing net.
The throwing net hits you.
You become entangled in the net!
The gnoll hits you from afar with a spear!
* * * LOW HITPOINT WARNING * * *
A leopard gecko skeleton comes into view.
Are you sure you want to abandon this character and quit the game? (Confirm with "yes".)

.# . ## #.#
# .Z####>
..#.# ..#..
..#.#
....#....##.
#..g.......
#....g.....
#..@(gl....
#....#....#
##...# .##
##.## #O#
#.# #.# #..


You could see an ogre, 3 gnolls, a leopard gecko, a leopard gecko skeleton and a
friendly spectral hand axe.

Vanquished Creatures
  An orc wizard (D:3)
  An ooze (D:3)
  An adder skeleton (D:4)
  2 dart slugs
  2 leopard geckos
  8 orcs (D:3)
  3 giant cockroaches (D:4)
  4 hobgoblins
  A quokka (D:3)
  8 bats
  3 frilled lizards
  4 goblins
  4 kobolds
  2 rats
44 creatures vanquished.

Notes
Turn   | Place    | Note
-------+----------+-------------------------------------------
     0 | D:1      | tidbits the Gnoll Skald began the quest for the Orb.
     0 | D:1      | Reached XP level 1. HP: 20/20 MP: 6/6
    73 | D:1      | Reached XP level 2. HP: 23/26 MP: 0/7
    77 | D:1      | Learned a level 2 spell: Song of Slaying
    80 | D:1      | Learned a level 2 spell: Shroud of Golubria
   182 | D:2      | Reached XP level 3. HP: 26/31 MP: 2/9
   187 | D:2      | Learned a level 3 spell: Regeneration
   191 | D:2      | Learned a level 3 spell: Spectral Weapon
   226 | D:3      | Reached skill level 5 in Spellcasting
   317 | D:3      | Reached skill level 1 in Invocations
   371 | D:4      | Noticed Grinder
   431 | D:3      | Reached skill level 1 in Short Blades
   431 | D:3      | Reached skill level 1 in Long Blades
   431 | D:3      | Reached skill level 1 in Maces & Flails
   431 | D:3      | Reached skill level 1 in Polearms
   431 | D:3      | Reached skill level 1 in Staves
   431 | D:3      | Reached skill level 1 in Slings
   431 | D:3      | Reached skill level 1 in Bows
   431 | D:3      | Reached skill level 1 in Crossbows
   431 | D:3      | Reached skill level 1 in Throwing
   431 | D:3      | Reached skill level 1 in Stealth
   431 | D:3      | Reached skill level 1 in Shields
   431 | D:3      | Reached skill level 1 in Unarmed Combat
   431 | D:3      | Reached skill level 1 in Evocations
   435 | D:3      | Found a hazy altar of Hepliaklqana.
   450 | D:3      | Reached XP level 4. HP: 20/38 MP: 4/11
   457 | D:3      | Reached skill level 1 in Conjurations
   457 | D:3      | Reached skill level 1 in Hexes
   457 | D:3      | Reached skill level 1 in Summonings
   457 | D:3      | Reached skill level 1 in Necromancy
   457 | D:3      | Reached skill level 1 in Translocations
   457 | D:3      | Reached skill level 1 in Transmutations
   457 | D:3      | Reached skill level 1 in Fire Magic
   457 | D:3      | Reached skill level 1 in Ice Magic
   457 | D:3      | Reached skill level 1 in Air Magic
   457 | D:3      | Reached skill level 1 in Earth Magic
   457 | D:3      | Reached skill level 1 in Poison Magic
   501 | D:4      | Noticed an ogre
   504 | D:4      | Quit the game

Skill      XL: |  1  2  3  4 |
---------------+-------------+-----
Spellcasting   | 5 |  5.1
Invocations    | 1 |  1.3
Short Blades   | 1 |  1.2
Long Blades    | 1 |  1.2
Maces & Flails | 1 |  1.2
Polearms       | 1 |  1.2
Staves         | 1 |  1.2
Slings         | 1 |  1.2
Bows           | 1 |  1.2
Crossbows      | 1 |  1.2
Throwing       | 1 |  1.2
Stealth        | 1 |  1.2
Shields        | 1 |  1.2
Unarmed Combat | 1 |  1.2
Evocations     | 1 |  1.2
Conjurations   | 1 |  1.0
Hexes          | 1 |  1.0
Summonings     | 1 |  1.0
Necromancy     | 1 |  1.0
Translocations | 1 |  1.0
Transmutations | 1 |  1.0
Fire Magic     | 1 |  1.0
Ice Magic      | 1 |  1.0
Air Magic      | 1 |  1.0
Earth Magic    | 1 |  1.0
Poison Magic   | 1 |  1.0
Fighting       | |  4.6
Axes           | |  4.6
Armour         | |  2.8
Dodging        | |  4.6
Charms         | |  5.5

Action                   |  1- 3 |  4- 6 || total
-------------------------+-------+-------++-------
Melee: Hand axe          |    87 |     7 ||    94
       Bite              |     8 |     1 ||     9
 Cast: Infusion          |     4 |       ||     4
       Song of Slaying   |     5 |     1 ||     6
       Spectral Weapon   |     5 |     1 ||     6
       Shroud of Golubri |     1 |       ||     1
       Regeneration      |       |     1 ||     1
  Use: Potion            |     1 |       ||     1
Armor: Leather armour    |    20 |     1 ||    21
Dodge: Dodged            |    59 |     5 ||    64

Table legend:
 A = Turns spent in this place as a percentage of turns spent in the entire game.
 B = Non-inter-level travel turns spent in this place as a percentage of non-inter-level travel turns spent in the entire game.
 C = Inter-level travel turns spent in this place as a percentage of turns spent in this place.
 D = Turns resting spent in this place as a percentage of non-inter-level travel turns spent in this place.
 E = Turns spent auto-exploring this place as a percentage of non-inter-level travel turns spent in this place.
 F = Non-inter-level travel turns spent in this place divided by the number of levels of this place that you've seen.
                   A       B       C       D       E      F
               +-------+-------+-------+-------+-------+----------------------
         Total | 100.0 | 100.0 |   0.0 |   0.0 |   0.0 | 126.0
       Dungeon | 100.0 | 100.0 |   0.0 |   0.0 |   0.0 | 126.0
               +-------+-------+-------+-------+-------+----------------------

Table legend:
 A = Kills in this place as a percentage of kills in entire the game.
 B = Kills by you in this place as a percentage of kills by you in the entire game.
 C = Kills by friends in this place as a percentage of kills by friends in the entire game.
 D = Other kills in this place as a percentage of other kills in the entire game.
 E = Experience gained in this place as a percentage of experience gained in the entire game.
 F = Experience gained in this place divided by the number of levels of this place that you have seen.
                   A       B       C       D       E      F
               +-------+-------+-------+-------+-------+----------------------
         Total | 100.0 | 100.0 |   N/A |   N/A | 100.0 |  33.2
       Dungeon | 100.0 | 100.0 |   N/A |   N/A | 100.0 |  33.2
               +-------+-------+-------+-------+-------+----------------------

Vault maps used:
D:1:      sevenhm_arrival_forest_fort_large_2
D:2:      yredelemnul_altar_generic, grunt_dithmenos_smoke_and_mirrors,
          minmay_shallow_snake_nest, uniq_crazy_yiuf_cottage
D:3:      old_standard_altar, roderic_roman_lattice
D:4:      first_ration, uniq_grinder
